Map: Overgrowth LE (Void)

Players

BuRny - Winner!

  • Race: Terran Terran
  • League: Master
  • Spawn Location: 7:00

A.I. 1 (Very Easy)

  • Race: Terran Terran
  • Spawn Location: 1:00

VOD

Have the link to the VOD?

Description

Time

  • Played on: Dec. 28, 2016, 10:45 a.m.
  • Length: 4:47
Show
View Real Time Build Order
Export as new Build Order

BuRny Terran - Winner!

Build Orders: 1/1/1, Cyclone Opening 

Get SALT Encoding   

  12  0:00  SCV  
  13  0:12  SCV  
  14  0:17  Supply Depot  
  14  0:25  SCV  
  14  0:27  Refinery  
  15  0:39  SCV  
  16  0:46  Barracks  
  16  0:51  SCV  
  16  0:54  Refinery  
  17  1:03  SCV  
  18  1:15  SCV  
  19  1:32  Orbital Command  
  19  1:34  Factory  
  19  1:35  Reaper  
  20  1:46  Supply Depot  
  20  1:58  SCV  
  21  2:07  Reaper  
  22  2:10  SCV  
  23  2:19  Cyclone, Starport  
  23  2:22  SCV  
  27  2:28  Supply Depot  
  27  2:34  SCV  
  29  2:46  SCV  
  30  2:51  Cyclone  
  30  2:56  Medivac  
  34  2:58  SCV  
  34  3:04  Supply Depot  
  35  3:06  Reaper  
  36  3:17  SCV  
  37  3:23  Factory Tech Lab  
  37  3:27  Command Center  
  37  3:33  SCV  
  38  3:37  Supply Depot  
  38  3:40  Barracks Reactor  
  38  3:48  SCV  
  39  3:53  Engineering Bay  
  39  3:59  Factory Tech Lab  
  39  4:00  SCV  
  43  4:17  SCV  
  43  4:21  Marine x2  
  46  4:29  SCV  
Show
View Real Time Build Order
Export as new Build Order

A.I. 1 (Very Easy) Terran 

Build Orders:  

Get SALT Encoding   

  12  0:00  SCV  
  13  0:13  SCV  
  14  0:19  Supply Depot  
  14  0:37  Refinery  
  14  0:42  Barracks  
  14  1:03  Supply Depot  
  14  1:12  Refinery  
  14  1:29  Marine  
  14  1:30  Orbital Command  
  15  1:49  Barracks Tech Lab  
  15  1:55  SCV  
  16  2:07  SCV  
  17  2:13  Marine  
  18  2:19  SCV  
  19  2:31  SCV  
  20  2:43  SCV  
  21  2:55  SCV  
  21  2:57  Marauder  
  24  4:08  Marine  
  21  4:17  SCV  
  21  4:23  Supply Depot  
  16  4:29  SCV  
Tags
 
Add a new tag
Caveats
  • Supply blocks, unpowered buildings, or Contaminate may cause inaccurate times.
  • Supply counts are checked every 10 seconds.